 Dungeon Crawl Stone Soup version 0.29-a0-885-gb26ba3297d (webtiles) character file.

Game seed: 16699925343650661707

8 gobodom the Firebug (level 2, 0/19 HPs)
             Began as a Demonspawn Fire Elementalist on July 20, 2022.
             Slain by a kobold
             ... wielding a +0 short sword
              (2 damage)
             ... on level 1 of the Dungeon.
             The game lasted 00:01:17 (155 turns).

gobodom the Firebug (Demonspawn Fire Elementalist)   Turns: 155, Time: 00:01:18

Health: 0/19       AC:  2    Str:  8    XL:     2   Next: 0%
Magic:  1/5        EV: 12    Int: 16    God:
Gold:   13         SH:  0    Dex: 13    Spells: 4/5 levels left

rFire   . . .      SeeInvis .   c - staff of conjuration
rCold   . . .      Faith    .   (no shield)
rNeg    . . .      Spirit   .   a - +0 robe
rPois   .          Reflect  .   (no helmet)
rElec   .          Harm     .   (no cloak)
rCorr   .          Rampage  .   (no gloves)
Will    .....                   (no boots)
Stlth   ++........              (no amulet)
HPRegen 0.06/turn               (no ring)
MPRegen 0.09/turn               (no ring)

@: no status effects
A: powered by pain 1
a: no special abilities


You were on level 1 of the Dungeon.
You visited 1 branch of the dungeon, and saw 1 of its levels.

You collected 13 gold pieces.

Inventory:

Armour
 a - a +0 robe (worn)
Magical Staves
 c - a staff of conjuration (weapon)
Potions
 b - a potion of magic


   Skills:
 + Level 2.0 Dodging
 + Level 1.7 Stealth
 + Level 2.1 Spellcasting
 + Level 1.0 Conjurations
 + Level 2.9 Fire Magic
 * Level 0.3 Evocations


You had 4 spell levels left.
You knew the following spells:

 Your Spells              Type           Power      Damage    Failure   Level
a - Foxfire               Conj/Fire      44%        2x1d6     10%         1

Your spell library contained the following spells:

 Spells                   Type           Power      Damage    Failure   Level
 Scorch                   Fire           22%        2d6       10%         2
 Conjure Flame            Conj/Fire      11%        6-21      28%         3
 Inner Flame              Hex/Fire       6%         N/A       34%         3
 Flame Wave               Conj/Fire      11%        2d5       67%         4


Dungeon Overview and Level Annotations

Branches:
Dungeon (1/15)

Altars:


Innate Abilities, Weirdness & Mutations

You sometimes gain a little power by taking damage.


Message History

* * * LOW HITPOINT WARNING * * *
The jackal misses you.
You are too injured to fight recklessly!
You hit the jackal.
You kill the jackal!
The jackal barely misses you. The jackal closely misses you.
You have reached level 2!
Your demonic ancestry asserts itself...
You feel energised by your suffering. The jackal bites you.
* * * LOW HITPOINT WARNING * * *
The jackal bites you but does no damage.
The jackal bites you.
* * * LOW HITPOINT WARNING * * *
It was a potion of curing.
You feel better. The jackal bites you. The jackal barely misses you.
You feel a surge of power!
You conjure some foxfire!
The jackal bites you. The jackal barely misses you. The jackal misses you.
You hit the jackal but do no damage.
The jackal is lightly wounded.
The foxfire hits the jackal but does no damage.
The jackal is lightly wounded.
The foxfire hits the jackal.
The jackal is severely wounded.
The jackal barely misses you. The jackal closely misses you.
The jackal bites you but does no damage.
You miss the jackal.
The jackal is severely wounded.
The jackal bites you. The jackal barely misses you.
The kobold hits you but does no damage. The jackal bites you.
The jackal bites you but does no damage.
You barely miss the jackal.
The jackal is severely wounded.
The jackal bites you.
* * * LOW HITPOINT WARNING * * *
The kobold hits you with a +0 short sword.
* * * LOW HITPOINT WARNING * * *
The jackal barely misses you.
The kobold hits you with a +0 short sword.
You die...

#...................
#......##...........
#......##.......####
#############.......#
........# #.......#
........# #.......#
........#####....)..####
.......hh...............
.$....K@#####.......####
######### #..........#
#..........#
#..........#
#..........#
#..........#
#..........#
#..........#
#†.........#


You could see 2 jackals and a kobold.

Vanquished Creatures
  2 bats (D:1)
  A hobgoblin (D:1)
  A jackal (D:1)
  A kobold (D:1)
  A ball python (D:1)
  A rat (D:1)
7 creatures vanquished.

Vanquished Creatures (others)
  12 foxfires (D:1)
12 creatures vanquished.

Grand Total: 19 creatures vanquished

Notes
Turn   | Place    | Note
-------+----------+-------------------------------------------
     0 | D:1      | gobodom the Demonspawn Fire Elementalist began the quest
                  | for the Orb.
     0 | D:1      | Reached XP level 1. HP: 13/13 MP: 3/3
   150 | D:1      | Gained mutation: You sometimes gain a little power by
                  | taking damage. [demonic ancestry]
   150 | D:1      | Reached XP level 2. HP: 4/19 MP: 1/5
   155 | D:1      | Slain by a kobold

Illustrated notes

Levels and vault maps discovered:
D:1:      co_arrival_random_square_maze, layout_basic,
          chequers_ecumenical_altar_island

Skill      XL: |  1 |
---------------+----+-----
Dodging        | 2 |  2.0
Stealth        | |  1.7
Spellcasting   | |  2.1
Conjurations   | |  1.0
Fire Magic     | |  2.9
Evocations     | |  0.3

Action                   || total
-------------------------++-------
Melee: Staff             ||    13
 Cast: Foxfire           ||     8
  Use: Potion            ||     1
Armor: Robe              ||     9
Dodge: Dodged            ||    32

Table legend: (Time is in decaauts)
 A = Elapsed time spent in this place.
 B = Non-inter-level travel time spent in this place.
 C = Inter-level travel time spent in this place.
 D = Time resting spent in this place.
 E = Time spent auto-exploring this place.
 F = Levels seen in this place.
 G = Mean time per level.
                   A        B        C        D        E       F      G
               +--------+--------+--------+--------+--------+-----+--------+
         Total |    156 |    156 |      0 |      0 |     92 |   1 |  156.0 |
       Dungeon |    156 |    156 |      0 |      0 |     92 |   1 |  156.0 |
               +--------+--------+--------+--------+--------+-----+--------+

Top non-repeatable levels by time:
     D:1: 156 daAuts
